 Dungeon Crawl Stone Soup version 0.30-a0-630-g881e3bac89 (webtiles) character file.

Game seed: 14765383018303666523

541 Rrauwl the Poker (level 7, 0/41 HPs)
             Began as a Tengu Fighter on Jan 13, 2023.
             Slain by an orc wizard
             ... wielding a +2 dagger of venom
              (4 damage)
             ... on level 4 of the Dungeon.
             The game lasted 00:11:52 (3130 turns).

Rrauwl the Poker (Tengu Fighter)                    Turns: 3130, Time: 00:11:52

Health: 0/41       AC: 14    Str: 18    XL:     7   Next: 26%
Magic:  8/8        EV: 10    Int:  9    God:
Gold:   176        SH:  6    Dex: 13    Spells: 6/6 levels left

rFire   . . .      SeeInvis .    a - +1 trident
rCold   . . .      Faith    +    c - +1 buckler
rNeg    + . .      Spirit   .    m - +0 pearl dragon scales
rPois   .          Reflect  .    (helmet restricted)
rElec   +          Harm     .    (no cloak)
rCorr   .          Rampage  .    p - +0 pair of gloves
Will    .....                    (boots unavailable) Stlth
                                 g - amulet "Qybill" {Faith rElec}
HPRegen 0.26/turn                l - ring of wizardry
MPRegen 0.11/turn                (no ring)

@: mighty, lethally poisoned (0 -> -21), flying quickly and evasively, quick
A: beak, talons 3, nimble flight, shaggy fur 1
a: no special abilities


You were on level 4 of the Dungeon.
You visited 1 branch of the dungeon, and saw 5 of its levels.

You collected 176 gold pieces.

Inventory:

Hand Weapons
 a - a +1 trident (weapon)
 b - a +0 sling
 k - a +0 halberd
 n - a +4 flail
Armour
 c - a +1 buckler (worn)
 m - +0 pearl dragon scales (worn)
 p - a +0 pair of gloves (worn)
Jewellery
 g - the amulet "Qybill" (around neck) {Faith rElec}
   (You found it on level 2 of the Dungeon)

   [amulet of faith]

   It allows you to gain divine favour quickly.
   rElec:     It insulates you from electricity.
 l - a ring of wizardry (left hand)
Wands
 o - a wand of digging (1)
Scrolls
 i - a scroll of teleportation
 j - 3 scrolls of identify
Potions
 d - a potion of might
 f - a potion of flight
 h - a potion of mutation


   Skills:
 - Level 3.0 Fighting
 + Level 6.2 Polearms
 - Level 5.0 Armour
 - Level 5.0 Shields


You had 6 spell levels left.
You didn't know any spells.
Your spell library contained the following spells:

 Spells                   Type           Power      Damage    Failure   Level
 Summon Small Mammal      Summ           0%         N/A       58%         1
 Call Canine Familiar     Summ           0%         N/A       90%         3
 Ozocubu's Armour         Ice            0%         N/A       90%         3
 Summon Guardian Golem    Hex/Summ       0%         N/A       90%         3
 Ozocubu's Refrigeration  Ice            0%         4d7       100%        7


Dungeon Overview and Level Annotations

Branches:
Dungeon (5/15)
 Temple: D:4-7

Altars:
Uskayaw

Shops:
D:1 (

Annotations:
D:4 Robin


Innate Abilities, Weirdness & Mutations

You have a beak for a mouth.
You have claws for feet.
Your magical nature lets you fly swiftly and evasively.
You are covered in fur. (AC +1)


Message History

You feel sick.
The orc priest hits you but does no damage.
Something hits you but does no damage.
The orc priest hits you but does no damage.
Something hits you but does no damage.
You are more poisoned.
You puncture the orc priest! You claw the orc priest.
You kill the orc priest!
You feel very sick. Something hits you but does no damage.
You are more poisoned.
You miss something. Your peck misses something.
You feel very sick. Something hits you but does no damage.
You are more poisoned.
You hit something but do no damage. Your kick misses something.
You feel very sick. Something hits you.
You are more poisoned.
You closely miss something. Your peck misses something.
* * * LOW HITPOINT WARNING * * *
You feel very sick. Something hits you but does no damage.
You feel much better.
You feel very sick. Something hits you.
You are lethally poisoned!
You feel very mighty all of a sudden.
You feel very sick. Something hits you but does no damage.
You miss something. Your kick misses something.
You feel very sick. Something hits you.
* * * LOW HITPOINT WARNING * * *
You are more poisoned.
You miss something. Your kick misses something.
* * * LOW HITPOINT WARNING * * *
You feel very sick. Something hits you.
You die...

#.### ##..######
##.##....## ###
#.#######.# #.##
#.# #.# ##.# ##.#
#.# #..# #..# #.#
##.## #.## #.#
#..# ..# ##.#
##@## ..#
#..####){#
..#######.......##
.................#
#.........#####..#
#.........# ##..##
.....##..## #..#
.........# ...#
.........## ##..##


There were no monsters in sight!

Vanquished Creatures
  An ogre (D:4)
  2 necrophages (D:5)
  A scorpion (D:5)
  An orc priest (D:4)
  Ijyb (D:4)
  An orc wizard (D:3)
  4 adders
  7 gnolls (D:5)
  A white imp (D:5)
  A worm (D:3)
  A dart slug (D:5)
  6 orcs
  6 bats
  A bat zombie (D:5)
  8 endoplasms
  A giant cockroach (D:2)
  9 goblins
  3 hobgoblins
  5 jackals
  2 quokkas
  5 ball pythons
  2 frilled lizards (D:1)
  5 kobolds
  5 rats
  4 rat zombies (D:5)
83 creatures vanquished.

Vanquished Creatures (others)
  A bat zombie (D:5)
1 creature vanquished.

Grand Total: 84 creatures vanquished

Notes
Turn   | Place    | Note
-------+----------+-------------------------------------------
     0 | D:1      | Rrauwl the Tengu Fighter began the quest for the Orb.
     0 | D:1      | Reached XP level 1. HP: 14/14 MP: 2/2
   235 | D:1      | Found Miwomm's Antique Weapon Shop.
   277 | D:1      | Reached XP level 2. HP: 19/19 MP: 3/3
   578 | D:1      | Gained mutation: You are covered in fur. (AC +1) [potion of
                  | mutation]
   578 | D:1      | Gained mutation: You possess an exceptional clarity of
                  | mind. [potion of mutation]
   578 | D:1      | Lost mutation: You possess an exceptional clarity of mind.
                  | [potion of mutation]
   829 | D:2      | Reached XP level 3. HP: 23/23 MP: 4/4
   830 | D:2      | Reached skill level 3 in Polearms
   847 | D:2      | Identified the amulet "Qybill" {Faith rElec}
  1255 | D:2      | Reached XP level 4. HP: 19/28 MP: 5/5
  2163 | D:4      | Noticed Robin
  2254 | D:4      | Gained mutation: Your magical nature lets you fly swiftly
                  | and evasively. [Tengu growth]
  2254 | D:4      | Reached XP level 5. HP: 32/32 MP: 6/6
  2269 | D:4      | Noticed Ijyb
  2274 | D:5      | Entered Level 5 of the Dungeon
  2299 | D:5      | Found a hide-covered altar of Uskayaw.
  2311 | D:5      | Reached skill level 4 in Polearms
  2441 | D:5      | Reached skill level 5 in Armour
  2441 | D:5      | Reached XP level 6. HP: 33/37 MP: 7/7
  2739 | D:5      | Reached skill level 5 in Shields
  2785 | D:5      | Reached skill level 5 in Polearms
  2868 | D:4      | Killed Ijyb
  2957 | D:4      | Reached skill level 6 in Polearms
  2957 | D:4      | Reached XP level 7. HP: 28/41 MP: 8/8
  3130 | D:4      | Slain by an orc wizard

Illustrated notes

Levels and vault maps discovered:
D:1:      lightli_molten_gateway, layout_basic, serial_shops,
          nicolae_shop_competitors_out_of_business
D:2:      layout_basic, minmay_tromino_v4_a
D:3:      layout_loops_ring
D:4:      layout_layer_cave, uniq_robin, uniq_ijyb
D:5:      layout_rooms, lemuel_zombie_altar_kikubaaqudgha,
          mainiacjoe_overflow_tiny_flanked, grunt_ministairs_9,
          nicolae_elemental_shop

Skill      XL: |  1  2  3  4  5  6 |
---------------+-------------------+-----
Polearms       | 3 4 6 |  6.2
Armour         | 4 5 |  5.0
Shields        | 4 5 |  5.0
Fighting       | |  3.0

Action                   |  1- 3 |  4- 6 |  7- 9 || total
-------------------------+-------+-------+-------++-------
Melee: Trident           |    84 |   153 |    20 ||   257
       Kick              |    15 |    30 |     3 ||    48
       Peck              |     5 |    10 |     1 ||    16
 Fire: Sling             |       |     2 |     1 ||     3
  Use: Potion            |     3 |     3 |     3 ||     9
       Scroll            |     3 |     5 |       ||     8
Armor: Plate armour      |    41 |    12 |       ||    53
       Scale mail        |     3 |       |       ||     3
       Pearl dragon scal |       |    43 |    13 ||    56
Dodge: Dodged            |    17 |    50 |       ||    67
Block: Buckler           |    10 |    31 |     3 ||    44

Table legend: (Time is in decaauts)
 A = Elapsed time spent in this place.
 B = Non-inter-level travel time spent in this place.
 C = Inter-level travel time spent in this place.
 D = Time resting spent in this place.
 E = Time spent auto-exploring this place.
 F = Levels seen in this place.
 G = Mean time per level.
                   A        B        C        D        E       F      G
               +--------+--------+--------+--------+--------+-----+--------+
         Total |   3095 |   3016 |     79 |     18 |   2226 |   5 |  619.0 |
       Dungeon |   3095 |   3016 |     79 |     18 |   2226 |   5 |  619.0 |
               +--------+--------+--------+--------+--------+-----+--------+

Top non-repeatable levels by time:
     D:3: 818 daAuts
     D:2: 776 daAuts
     D:1: 677 daAuts
     D:5: 515 daAuts
     D:4: 308 daAuts
